AoeStats
← Naksu

Lombardia

509728055Analyzed
4v4 RM · 3d ago on Sep 27, 2026· 56m 16s· 8 players
Game mode
Random Map
Map size
Large (8 player)
Population
200
Speed
Normal
Resources
Standard
Victory
Conquest
Starting age
Dark Age
Ending age
Imperial Age
RankedLock teamsTeams togetherTeam positionsShared explorationLock speedFull tech treeHidden civsTurbo modeCheats
Victory
Defeat
🇬🇧 Danes · United Kingdom
1171
+14
🇲🇽 Mongols · Mexico
1171
+14
🇬🇧 Varangians · United Kingdom
1162
+14
🇬🇧 Cumans · United Kingdom
1134
+15
🇧🇷 Ethiopians · Brazil
1155
-16
🇧🇷 Franks · Brazil
1123
-14
🇮🇪 Vietnamese · Ireland
1107
-14
🇧🇷 Lithuanians · Brazil
1100
-13
LeightonDunk11
6:22 Loom
9:44 Feudal Age
10:35 Double-Bit Axe
11:26 Bloodlines
12:01 Horse Collar
16:56 Wheelbarrow
20:32 Castle Age
22:25 Forging
22:21 Scale Barding Armor
22:32 Bow Saw
22:04 Light Cavalry
22:46 Husbandry
23:38 Gold Mining
30:23 Iron Casting
32:16 Chain Barding Armor
40:32 Imperial Age
39:13 Ballistics
38:55 Town Watch
40:46 Elite Jarl
42:55 Blast Furnace
41:32 Hussar
43:21 Plate Barding Armor
44:45 Hand Cart
45:34 Two-Man Saw
45:14 Conscription
45:43 Fortified Wall
46:35 Chemistry
46:34 Town Patrol
47:19 Fletching
52:39 Siege Engineers
53:09 Treadmill Crane
54:07 Bodkin Arrow
EqualGoat795961
4:16 Loom
10:31 Feudal Age
12:36 Double-Bit Axe
13:36 Horse Collar
22:34 Castle Age
23:20 Heavy Plow
23:12 Town Watch
24:03 Wheelbarrow
24:40 Bow Saw
24:54 Bloodlines
25:57 Forging
25:52 Scale Barding Armor
34:35 Iron Casting
34:26 Chain Barding Armor
39:37 Imperial Age
39:48 Elite Steppe Lancer
41:23 Crop Rotation
41:33 Hand Cart
43:26 Blast Furnace
43:02 Plate Barding Armor
42:34 Town Patrol
44:40 Caravan
46:08 Fletching
46:19 Padded Archer Armor
46:45 Conscription
46:26 Steppe Husbandry
48:00 Two-Man Saw
48:48 Bodkin Arrow
49:08 Leather Archer Armor
49:32 Hoardings
iGSOjDaJuiceMan
5:02 Loom
11:31 Feudal Age
12:55 Man-at-Arms
18:18 Castle Age
16:16 Horse Collar
17:05 Arson
21:59 Double-Bit Axe
23:33 Squires
26:47 Pikeman
28:16 Fletching
30:34 Forging
33:14 Wheelbarrow
34:17 Iron Casting
33:43 Scale Mail Armor
36:37 Hamask
38:33 Heavy Plow
38:46 Bow Saw
41:53 Imperial Age
42:10 Imperial Age
42:12 Elite Jomsviking
43:09 Halberdier
48:47 Blast Furnace
48:03 Chain Mail Armor
52:01 Plate Mail Armor
Iztacoyolt
8:27 Feudal Age
8:10 Loom
13:43 Town Watch
14:12 Scale Barding Armor
14:32 Forging
15:32 Scale Barding Armor
20:17 Castle Age
18:50 Double-Bit Axe
18:46 Horse Collar
19:01 Stone Mining
20:02 Gold Mining
24:42 Wheelbarrow
26:17 Chain Barding Armor
38:22 Imperial Age
36:46 Fletching
36:57 Padded Archer Armor
37:35 Hand Cart
39:02 Bloodlines
38:36 Heavy Camel Rider
40:00 Conscription
40:56 Iron Casting
40:45 Caravan
42:11 Bodkin Arrow
42:45 Husbandry
42:08 Light Cavalry
44:45 Blast Furnace
43:45 Bracer
45:50 Padded Archer Armor
45:23 Capped Ram
45:32 Elite Mangudai
46:43 Town Patrol
47:37 Drill
47:21 Siege Ram
48:33 Leather Archer Armor
50:12 Chemistry
49:32 Ballistics
GameOfSilva
5:40 Loom
10:08 Feudal Age
11:06 Double-Bit Axe
12:08 Town Watch
13:16 Fletching
13:27 Padded Archer Armor
25:20 Castle Age
25:22 Crossbowman
26:52 Leather Archer Armor
30:35 Bodkin Arrow
30:41 Scale Mail Armor
45:31 Wheelbarrow
45:03 Horse Collar
46:09 Heavy Plow
47:33 Hand Cart
50:14 Husbandry
50:43 Caravan
51:31 Gold Mining
52:09 Bloodlines
51:21 Light Cavalry
52:17 Scale Barding Armor
52:27 Forging
54:29 Chain Barding Armor
55:37 Iron Casting
55:30 Chatras
ForceBr
9:11 Loom
11:21 Feudal Age
12:02 Double-Bit Axe
19:28 Fletching
24:04 Castle Age
23:46 Padded Archer Armor
23:27 Horse Collar
23:39 Gold Mining
24:10 Crossbowman
24:47 Bodkin Arrow
29:24 Bow Saw
30:14 Ballistics
30:45 Thumb Ring
33:01 Wheelbarrow
42:41 Imperial Age
42:58 Leather Archer Armor
43:06 Arbalester
46:59 Chemistry
46:17 Town Watch
46:54 Murder Holes
47:52 Caravan
51:08 Bracer
51:39 Ring Archer Armor
51:34 Conscription
51:50 Fortified Wall
53:12 Two-Man Saw
Naksu
10:01 Loom
13:06 Feudal Age
17:03 Double-Bit Axe
20:04 Stone Mining
23:14 Castle Age
21:08 Gold Mining
24:28 Forging
24:24 Scale Barding Armor
25:38 Wheelbarrow
25:57 Gold Shaft Mining
25:32 Husbandry
26:24 Iron Casting
28:04 Chain Barding Armor
29:57 Pikeman
38:28 Fletching
39:19 Bow Saw
42:14 Imperial Age
42:21 Imperial Age
40:07 Hand Cart
40:39 Town Watch
40:53 Bodkin Arrow
41:29 Town Watch
41:34 Town Watch
42:37 Cavalier
43:54 Plate Barding Armor
43:33 Chivalry
46:17 Blast Furnace
47:46 Chemistry
48:39 Paladin
51:17 Ordonnance Companies
52:04 Scale Mail Armor
52:48 Fortified Wall
56:22 Squires
Manoo
8:05 Loom
10:24 Feudal Age
10:38 Man-at-Arms
11:49 Double-Bit Axe
12:40 Town Watch
19:52 Castle Age
19:08 Forging
19:04 Scale Barding Armor
22:41 Horse Collar
23:55 Chain Barding Armor
24:41 Iron Casting
24:42 Bloodlines
24:32 Husbandry
25:56 Husbandry
26:10 Gold Mining
32:36 Imperial Age
30:41 Wheelbarrow
32:48 Cavalier
36:22 Plate Barding Armor
38:40 Paladin
46:07 Conscription
48:54 Chemistry
Connection lost

Rejoining the realm…

Still unreachable

The connection could not be restored.

Session expired

The server has moved on; the page needs a fresh start.